 Dungeon Crawl Stone Soup version 0.22-a0-460-g49b1da7 (webtiles) character file.

46539 suicidejoker the Fighter (level 14, -3/95 HPs)
             Began as a Gargoyle Fighter on June 10, 2018.
             Was an Initiate of Gozag.
             Slain by a chaos spawn (6 damage)
             ... on level 2 of the Orcish Mines.
             The game lasted 01:01:19 (17767 turns).

suicidejoker the Fighter (Gargoyle Fighter)        Turns: 17767, Time: 01:01:22

Health: -3/95      AC: 30    Str: 23    XL:     14   Next: 38%
Magic:  22/22      EV:  9    Int: 13    God:    Gozag
Gold:   179        SH: 14    Dex:  7    Spells: 21/23 levels left

rFire    . . .     SeeInvis .   a - +3 long sword
rCold    . . .     Gourm    .   c - +3 shield
rNeg     + + +     Faith    .   M - +5 ring mail of Dyspraxia {rElec rN++ Int+3 Dex-3}
rPois    ∞         Spirit   .   z - +1 hat
rElec    +         Reflect  .   (no cloak)
rCorr    +         Harm     .   (no gloves)
MR       +....                  C - +2 pair of boots
Stlth    ..........             x - amulet of regeneration
HPRegen  0.65/turn              o - +2 ring of protection
MPRegen  0.18/turn              J - ring of the Ladybird {rCorr Slay+3}

@: gold aura
A: big wings, mutation resistance 1, negative energy resistance 1, electricity
resistance, unbreathing, petrification resistance, rot immunity, subdued magic
2, AC +10
a: Fly, Potion Petition, Call Merchant, Bribe Branch, Renounce Religion


You were on level 2 of the Orcish Mines.
You worshipped Gozag.
Gozag was aware of your devotion.
You were not hungry.

You visited 3 branches of the dungeon, and saw 18 of its levels.
You also visited: Labyrinth and Sewer.

You collected 4094 gold pieces.
You spent 594 gold pieces at shops.
You paid 3321 gold pieces to Gozag.

Inventory:

Hand Weapons
 a - a +3 long sword (weapon)
 b - a +0 blowgun
 d - a +2 mace of protection
 n - a +1 great sword of flaming
 r - a +0 arbalest
 A - a +0 hand crossbow
Missiles
 h - a throwing net
 i - 163 bolts
 q - 74 poisoned needles
 u - 2 curare-tipped needles
 y - 2 exploding tomahawks
 F - 19 javelins (quivered)
 G - 12 tomahawks
 K - 2 needles of confusion
 L - 2 poisoned javelins
Armour
 c - a +3 shield (worn)
 z - a +1 hat (worn)
 C - a +2 pair of boots (worn)
 M - the +5 ring mail of Dyspraxia (worn) {rElec rN++ Int+3 Dex-3}
   (You found it on level 8 of the Dungeon)

   It affects your intelligence (+3).
   It affects your dexterity (-3).
   It insulates you from electricity.
   It greatly protects you from negative energy.
 N - the +0 scale mail of the Present {Str+4 SInv}
   (You found it on level 9 of the Dungeon)

   It affects your strength (+4).
   It lets you see invisible.
 O - a +0 troll leather armour
 W - a +1 chain mail of cold resistance
Jewellery
 o - a +2 ring of protection (left hand)
 p - an uncursed ring of positive energy
 w - an uncursed amulet of rage
 x - an amulet of regeneration (around neck)
 E - an uncursed ring of fire
 J - the ring of the Ladybird (right hand) {rCorr Slay+3}
   (You bought it in a shop on level 9 of the Dungeon)

   [ring of resist corrosion]

   It affects your accuracy and damage with ranged weapons and melee attacks
   (+3).
 T - an uncursed ring of stealth
 U - an uncursed ring of protection from cold
Wands
 e - a wand of enslavement (11)
 j - a wand of polymorph (12)
 k - a wand of disintegration (1)
 Q - a wand of acid (26)
 X - a wand of flame (24)
Scrolls
 m - 6 scrolls of remove curse
 t - 6 scrolls of teleportation
 v - 4 scrolls of amnesia
 H - 7 scrolls of identify
 P - a scroll of immolation
Potions
 g - 9 potions of brilliance
 s - a potion of magic
 D - 4 potions of flight
 I - a potion of cancellation
Comestibles
 f - 19 rations


   Skills:
 * Level 13.7 Fighting
 + Level 8.4 Long Blades
 * Level 13.6 Armour
 + Level 10.2 Shields
 + Level 5.4 Spellcasting
 + Level 5.5 Hexes
 + Level 6.1 Ice Magic
 + Level 5.5 Evocations


You had 21 spell levels left.
You knew the following spells:

 Your Spells              Type           Power        Failure   Level  Hunger
a - Ensorcelled Hibernat  Hex/Ice        ##....       3%          2    ##.....

Your spell library contained the following spells:

 Spells                   Type           Power        Failure   Level  Hunger
 Confuse                  Hex            ##......     10%         3    ###....
 Throw Frost              Conj/Ice       #.....       14%         2    ##.....
 Freeze                   Ice            ##..         1%          1    None
 Summon Ice Beast         Ice/Summ       #.......     71%         4    ####...
 Ozocubu's Armour         Chrm/Ice       #.......     28%         3    ###....
 Regeneration             Chrm/Necr      #.........   73%         3    ###....
 Tukima's Dance           Hex            ##......     10%         3    ###....
 Throw Icicle             Conj/Ice       #.......     71%         4    ####...
 Corona                   Hex            ##.....      2%          1    None
 Shroud of Golubria       Chrm/Tloc      #.........   47%         2    ##.....
 Dazzling Spray           Conj/Hex       #.....       32%         3    ###....
 Infusion                 Chrm           #...         32%         1    None
 Song of Slaying          Chrm           #.......     47%         2    ##.....
 Spectral Weapon          Hex/Chrm       #.......     32%         3    ###....


Dungeon Overview and Level Annotations

Branches:
Dungeon (15/15)            Temple (1/1) D:5            Lair (0/6) D:9
    Orc (2/2) D:10         Vaults (0/5) D:14         Depths (0/5) D:15
    Elf: Orc:2

Altars:
Ashenzari
Cheibriados
Dithmenos
Elyvilon
Gozag
Hepliaklqana
Kikubaaqudgha
Makhleb
Nemelex Xobeh
Okawaru
Qazlal
Ru
Sif Muna
Vehumet
Wu Jian
Xom
Yredelemnul
Zin
The Shining One
Beogh

Shops:
D:9 =


Innate Abilities, Weirdness & Mutations

You are resistant to torment.
Your stone body is resilient. (AC +10)
You are immune to poison.
Your large and strong wings let you fly indefinitely.
You resist negative energy. (rN+)
You are resistant to electric shocks. (rElec)
You can survive without breathing.
You are immune to petrification.
You are immune to rotting.
You are somewhat resistant to further mutation.
Your spells are easier to cast, but less powerful.


Message History

Unknown command.
Evoke which item? (* to show all) (? for menu, Esc to quit)
Aiming: Corrosive Bolt
Press: ? - help, Shift-Dir - straight line, f/p - orc warrior
Aim: an orc warrior, wielding a short sword and wearing a chain mail (almost dead, unusually strong, covered in acid)
The bolt of acid hits the orc warrior.
The orc warrior is splashed with acid.
You kill the orc warrior!
The bolt of acid misses the chaos spawn.
The bolt of acid hits the orc knight.
The orc knight is splashed with acid.
The acid corrodes the orc knight!
The orc knight is moderately wounded.
The orc priest shouts!
The orc warrior no longer looks unusually strong.
As you read the scroll of immolation, it crumbles to dust.
The creatures around you are filled with an inner flame!
The chaos spawn gores you!
* * * LOW HITPOINT WARNING * * *
You are engulfed in flames.
You die...
Your body crumbles into a pile of gold.

....###$..............
#...###..............
...###.............
#.o###............
#.$###...........$
#o$###..........
##oo###.........
##o4##.$.......
##.@$$$.......
##.$$$.......
##$.........
##$$..$....
#..........
#...........
#..........$.
#.............
#..............


You could see an orc knight (inner flame), a chaos spawn (inner flame), an orc
warrior (inner flame), 2 orc priests and an orc (inner flame).

Vanquished Creatures
  Gastronok (Orc:1)
  A fire giant (D:15)
  The ghost of shitimlost the Messenger, a journeyman HOMo of Beogh (D:13)
  A minotaur (Lab)
  A hydra (D:14)
  Fannar (D:10)
  6 two-headed ogres
  2 tengu warriors
  A deep elf knight (D:15)
  3 skeletal warriors (D:14)
  3 unseen horrors
  3 wizards (D:14)
  An orc knight (Orc:2)
  A deep elf mage (D:15)
  12 ugly things
  An orc sorcerer (D:10)
  A manticore (D:15)
  2 cyclopes
  3 gargoyles
  6 centaur skeletons
  An efreet (D:14)
  10 trolls
  3 meliai (D:14)
  3 hornets
  4 slime creatures (D:12)
  5 hippogriffs
  Sigmund (D:3)
  A shadow (D:12)
  6 wyverns
  2 basilisks
  11 yaks
  The ghost of SkeletonJelly the Magician, an amateur GnWn (D:4)
  A human (D:8)
  4 hogs (D:8)
  10 vampire mosquitoes
  3 hungry ghosts
  An acid dragon (D:9)
  A warg (Orc:2)
  2 water moccasins
  20 orc warriors
  10 ice beasts
  5 sky beasts
  A necrophage (D:7)
  2 hornet zombies
  A black bear (D:9)
  A phantom (D:5)
  3 centaurs
  13 ogres
  The ghost of CryoXil the Slasher, an amateur DsFi of Cheibriados (D:3)
  5 crocodiles (D:9)
  5 big kobolds
  A gnoll sergeant (D:10)
  6 bullfrogs
  A wyvern zombie (D:14)
  4 scorpions
  A wyvern skeleton (D:13)
  5 killer bees (D:9)
  A wight (D:9)
  A troll skeleton (Lab)
  An electric eel (D:8)
  9 howler monkeys
  4 centaur zombies
  A bullfrog zombie (D:12)
  4 crimson imps
  A quasit (D:8)
  7 hounds
  5 jellies
  A gnoll shaman (Orc:1)
  13 orc priests
  Jessica (D:14)
  Ijyb (D:4)
  2 iguanas
  20 orc wizards
  9 worker ants
  An ogre skeleton (Lab)
  4 hound skeletons
  10 gnolls
  17 adders
  2 howler monkey skeletons
  5 river rats
  3 shadow imps
  An ooze (Sewer)
  2 adder zombies
  3 adder skeletons
  4 worms
  8 leopard geckos
  74 orcs
  5 giant cockroaches
  8 goblins
  4 hobgoblins
  11 jackals
  25 kobolds
  5 quokkas
  4 ball pythons
  4 bats
  8 frilled lizards
  A leopard gecko zombie (D:5)
  29 rats
525 creatures vanquished.

Vanquished Creatures (collateral kills)
  3 ice beasts (D:15)
  A worker ant zombie (D:11)
  An orc (D:10)
5 creatures vanquished.

Vanquished Creatures (others)
  A centaur skeleton (D:15)
  An ogre (D:10)
  An orc priest (D:15)
  An adder skeleton (D:8)
  An orc (Orc:1)
5 creatures vanquished.

Grand Total: 535 creatures vanquished

Notes
Turn   | Place    | Note
-------+----------+-------------------------------------------
     0 | D:1      | suicidejoker the Gargoyle Fighter began the quest for the Orb.
     0 | D:1      | Reached XP level 1. HP: 14/14 MP: 1/1
   447 | D:1      | Reached XP level 2. HP: 16/19 MP: 2/2
  1107 | D:2      | Reached XP level 3. HP: 10/24 MP: 3/3
  1462 | D:2      | Found a hazy altar of Hepliaklqana.
  1975 | D:3      | Found an ornate altar of the Wu Jian Council.
  2016 | D:3      | Found a radiant altar of Vehumet.
  2120 | D:3      | Reached XP level 4. HP: 29/29 MP: 4/4
  2132 | D:3      | Found a burning altar of Makhleb.
  2132 | D:3      | Noticed a green death
  2249 | D:3      | Found a basalt altar of Yredelemnul.
  2258 | D:3      | Found a glowing golden altar of the Shining One.
  2421 | D:3      | Noticed CryoXil's ghost (amateur DsFi)
  2452 | D:3      | Killed CryoXil's ghost
  2452 | D:3      | Reached XP level 5. HP: 9/34 MP: 5/5
  2484 | D:3      | Found a glowing drain.
  2489 | Sewer    | Entered a sewer
  2887 | Sewer    | Noticed a big kobold
  2906 | Sewer    | Killed a big kobold
  2906 | Sewer    | Reached skill level 5 in Fighting
  2906 | Sewer    | Reached skill level 5 in Armour
  2906 | Sewer    | Reached XP level 6. HP: 35/40 MP: 6/6
  3429 | D:3      | Noticed Sigmund
  3480 | D:3      | Killed Sigmund
  3480 | D:3      | Reached XP level 7. HP: 12/45 MP: 7/7
  3893 | D:4      | Noticed SkeletonJelly's ghost (amateur GnWn)
  4065 | D:4      | Killed SkeletonJelly's ghost
  4177 | D:4      | Noticed Ijyb
  4200 | D:4      | Killed Ijyb
  4222 | D:4      | Found a snail-covered altar of Cheibriados.
  4343 | D:4      | Found a glowing silver altar of Zin.
  4343 | D:4      | Noticed an angel
  4345 | D:4      | Found a shimmering altar of Xom.
  4451 | D:4      | Reached skill level 5 in Shields
  4510 | D:4      | Reached XP level 8. HP: 38/52 MP: 8/8
  4850 | D:5      | Entered Level 5 of the Dungeon
  4951 | D:5      | Found a staircase to the Ecumenical Temple.
  5405 | Temple   | Entered the Ecumenical Temple
  5438 | Temple   | Became a worshipper of Gozag Ym Sagoz the Greedy
  5571 | D:6      | Found a shattered altar of Ashenzari.
  5646 | D:6      | Found a hazy altar of Hepliaklqana.
  5865 | D:6      | Reached XP level 9. HP: 37/59 MP: 9/9
  6551 | D:7      | Noticed a troll
  6589 | D:7      | Killed a troll
  6638 | D:7      | Found a sparkling altar of Nemelex Xobeh.
  6821 | D:7      | Reached skill level 5 in Long Blades
  7097 | D:8      | Found a shimmering altar of Xom.
  7103 | D:8      | Got a transparent ring mail
  7114 | D:8      | Identified the +5 ring mail of Dyspraxia {rElec rN++ Int+3 Dex-3} (You found it on level 8 of the Dungeon)
  7303 | D:8      | Reached XP level 10. HP: 59/66 MP: 10/10
  7592 | D:8      | Found a deep blue altar of Sif Muna.
  8044 | D:9      | Reached skill level 10 in Fighting
  8159 | D:9      | Reached skill level 10 in Armour
  8249 | D:9      | Found a staircase to the Lair.
  8351 | D:9      | Found Vyiwamume's Jewellery Shop.
  8356 | D:9      | Found a shadowy altar of Dithmenos.
  8359 | D:9      | Bought the ring of the Ladybird {rCorr Slay+3} for 594 gold pieces
  8657 | D:9      | Learned a level 2 spell: Ensorcelled Hibernation
  8695 | D:9      | Got an ichor-stained scale mail
  8706 | D:9      | Identified the +0 scale mail of the Present {Str+4 SInv} (You found it on level 9 of the Dungeon)
  8871 | D:9      | Noticed a gargoyle
  8897 | D:9      | Killed a gargoyle
  8897 | D:9      | Reached skill level 1 in Ice Magic
  8897 | D:9      | Reached XP level 11. HP: 41/73 MP: 10/12
  8961 | D:9      | Reached skill level 1 in Hexes
  8961 | D:9      | Reached skill level 1 in Evocations
  9041 | D:10     | Entered Level 10 of the Dungeon
  9063 | D:10     | Reached skill level 1 in Spellcasting
  9241 | D:10     | Found a staircase to the Orcish Mines.
  9679 | D:11     | Noticed a four-headed hydra
 10080 | D:11     | Noticed a two-headed ogre
 10094 | D:11     | Killed a two-headed ogre
 10192 | D:11     | Noticed a white ugly thing
 10216 | D:11     | Killed a white ugly thing
 10559 | D:11     | Noticed a cyclops
 10569 | D:11     | Killed a cyclops
 10793 | D:11     | Found a sacrificial altar of Ru.
 11000 | D:12     | Found a labyrinth entrance.
 11008 | Lab      | Entered a labyrinth
 11491 | Lab      | Noticed a minotaur
 11503 | Lab      | Killed a minotaur
 11503 | Lab      | Reached XP level 12. HP: 75/80 MP: 14/16
 11518 | Lab      | Got a distressingly furry leather armour
 11529 | Lab      | Identified the +0 leather armour of the Moneychanger {+Inv Dex+4} (You found it in a labyrinth)
 11609 | D:12     | Noticed a two-headed ogre
 11625 | D:12     | Killed a two-headed ogre
 12043 | D:12     | Gained mutation: You are frail. (-10% HP) [potion of mutation]
 12043 | D:12     | Gained mutation: Your spells are a little easier to cast, but a little less powerful. [potion of mutation]
 12043 | D:12     | Gained mutation: Your spells are easier to cast, but less powerful. [potion of mutation]
 12043 | D:12     | Gained mutation: You are somewhat resistant to further mutation. [potion of mutation]
 12498 | D:13     | Noticed shitimlost's ghost (journeyman HOMo)
 12721 | D:13     | Killed shitimlost's ghost
 13225 | D:14     | Noticed Jessica
 13239 | D:14     | Killed Jessica
 13246 | D:14     | Found a deep blue altar of Sif Muna.
 13376 | D:14     | Noticed a two-headed ogre
 13387 | D:14     | Killed a two-headed ogre
 13402 | D:14     | Found a gate to the Vaults.
 13402 | D:14     | Noticed a two-headed ogre
 13421 | D:14     | Killed a two-headed ogre
 13426 | D:14     | Reached XP level 13. HP: 69/78 MP: 17/19
 13550 | D:14     | Lost mutation: You are frail. (-10% HP) [potion of mutation]
 14348 | D:14     | Reached skill level 5 in Ice Magic
 14423 | D:15     | Entered Level 15 of the Dungeon
 15177 | D:15     | Found a staircase to the Depths.
 15177 | D:15     | Noticed a fire giant
 15209 | D:15     | Killed a fire giant
 15209 | D:15     | Reached skill level 5 in Evocations
 15303 | D:15     | Reached skill level 5 in Hexes
 15353 | D:14     | Reached skill level 5 in Spellcasting
 15406 | D:14     | Reached skill level 10 in Shields
 15595 | D:14     | Gained mutation: Your large and strong wings let you fly indefinitely. [Gargoyle growth]
 15595 | D:14     | Reached XP level 14. HP: 94/94 MP: 21/21
 15937 | D:15     | Found a glowing golden altar of the Shining One.
 16514 | Orc:1    | Entered Level 1 of the Orcish Mines
 16538 | Orc:1    | Noticed Fannar
 16744 | D:10     | Killed Fannar
 16974 | Orc:1    | Noticed Gastronok
 17009 | Orc:1    | Killed Gastronok
 17376 | Orc:2    | Entered Level 2 of the Orcish Mines
 17430 | Orc:2    | Found a roughly hewn altar of Beogh.
 17767 | Orc:2    | HP: 3/95 [chaos spawn (11)]
 17767 | Orc:2    | Slain by a chaos spawn

Vault maps used:
D:1:      minmay_arrival_checkered_box, minmay_unequal
D:2:      lemuel_crystal_altar
D:3:      grunt_temple_overflow_holy_war, old_standard_altar,
          fiery_altar_vehumet, portal_sewer_entry_e, minmay_misc_feat_pillars,
          kennysheep_cross_room, makhleb_altar_promises_db, uniq_sigmund
D:4:      grunt_temple_overflow_order_and_chaos_1, overflow_temple_1_default,
          kennysheep_generic_room_10, uniq_ijyb
D:5:      temple_hall, first_ration, kennysheep_generic_room_5
D:6:      overflow_temple_1_default, basic_altar
D:7:      nemelex_xobeh_ov_fountains_minmay
D:8:      lemuel_coloured_pillars_altar, grunt_livestock,
          kennysheep_decorative_pillar, xom_teletrap_fun
D:9:      kennysheep_blocky_room, lemuel_crystal_altar, erik_lair_dragon,
          serial_shops, shop, minmay_lizard_king
D:10:     kennysheep_orc_monster_closet_entryway
D:11:     basic_altar
D:12:     lab_entry_generic
D:14:     david_vaults_1, tgw_sif
D:15:     grunt_enter_depths_giant_problem, portal_ice_cave_entry_ice_beasts,
          tso_metal_star
Temple:   jpeg_temple_alley_garden
Orc:1:    uniq_gastronok, uniq_fannar
Orc:2:    pf_orc_diabolical, basic_altar
Lab:      labyrinth_hidden_loot, nicolae_lab_hexagon, nicolae_lab_dead_end,
          labyrinth_skeletal_remains, nicolae_lab_t_cross, labyrinth_glass_1,
          nicolae_lab_blocks
Sewer:    sewer_minmay_treatment

Skill      XL: |  1  2  3  4  5  6  7  8  9 10 11 12 13 14 |
---------------+-------------------------------------------+-----
Long Blades    | 2 3 4 5 6 7 8 |  8.4
Fighting       | 4 5 6 7 9 10 11 12 13 | 13.7
Armour         | 4 5 6 7 9 10 11 12 13 | 13.6
Shields        | 4 5 6 7 8 9 10 | 10.2
Ice Magic      | 1 3 4 5 6 |  6.1
Hexes          | 2 4 5 |  5.5
Evocations     | 2 4 5 |  5.5
Spellcasting   | 2 4 5 |  5.4

Action                   |  1- 3 |  4- 6 |  7- 9 | 10-12 | 13-15 || total
-------------------------+-------+-------+-------+-------+-------++-------
Melee: Long sword        |   180 |   220 |   476 |  1006 |   799 ||  2681
       Mace              |       |       |       |       |     7 ||     7
 Fire: Blowgun           |       |    13 |       |    31 |       ||    44
Throw: Stone             |       |       |       |    10 |       ||    10
       Javelin           |       |       |       |       |     9 ||     9
       Tomahawk          |       |       |       |       |     1 ||     1
 Cast: Ensorcelled Hiber |       |       |       |     2 |     5 ||     7
Invok: Potion Petition   |       |       |       |     3 |     7 ||    10
Evoke: Wand              |       |       |       |    30 |    47 ||    77
  Use: Potion            |       |     4 |     5 |    13 |     8 ||    30
       Scroll            |       |       |    18 |    15 |     5 ||    38
 Stab: Invisible         |       |     1 |       |       |     1 ||     2
       Distracted        |       |       |     1 |     2 |     4 ||     7
       Sleeping          |       |       |       |       |     2 ||     2
  Eat: Chunk             |     3 |     5 |     7 |       |       ||    15
       Ration            |       |       |     2 |     8 |     6 ||    16
Armor: Scale mail        |   113 |   157 |   172 |     1 |       ||   443
       Troll leather arm |       |       |    54 |    58 |       ||   112
       Plate armour      |       |       |    21 |       |       ||    21
       Ring mail         |       |       |    11 |   671 |   608 ||  1290
       Chain mail        |       |       |       |       |     3 ||     3
       Skin              |       |       |       |       |     1 ||     1
Dodge: Dodged            |    60 |    83 |   140 |   391 |   336 ||  1010
Block: Shield            |    97 |   173 |   268 |   769 |   767 ||  2074
       Rpst.: Long sword |    19 |    24 |    45 |    94 |    67 ||   249

Table legend:
 A = Spawn XP
 B = Non-spawn XP
 C = Spawn XP percentage of total XP
 D = Spawn monster count
 E = Non-spawn monster count
 F = Spawn count percentage of total count
 G = Total turns spent on level
                    A         B        C        D         E        F      G
               +---------+---------+-------+---------+---------+-------+---------
         Total |       0 |   66485 |   0.0 |       0 |     531 |   0.0 | 17767
               +---------+---------+-------+---------+---------+-------+---------
           D:1 |       0 |      23 |   0.0 |       0 |      14 |   0.0 |   963
           D:2 |       0 |      45 |   0.0 |       0 |      18 |   0.0 |   964
           D:3 |       0 |     444 |   0.0 |       0 |      25 |   0.0 |  1269
           D:4 |       0 |     513 |   0.0 |       0 |      19 |   0.0 |   801
           D:5 |       0 |     758 |   0.0 |       0 |      18 |   0.0 |   632
           D:6 |       0 |     620 |   0.0 |       0 |      20 |   0.0 |   801
           D:7 |       0 |    1135 |   0.0 |       0 |      16 |   0.0 |   648
           D:8 |       0 |    2225 |   0.0 |       0 |      26 |   0.0 |   961
           D:9 |       0 |    3432 |   0.0 |       0 |      44 |   0.0 |  1204
          D:10 |       0 |    4656 |   0.0 |       0 |      48 |   0.0 |  1051
          D:11 |       0 |    4690 |   0.0 |       0 |      32 |   0.0 |  1173
          D:12 |       0 |    5447 |   0.0 |       0 |      33 |   0.0 |  1050
          D:13 |       0 |    3921 |   0.0 |       0 |      16 |   0.0 |   661
          D:14 |       0 |   24000 |   0.0 |       0 |      69 |   0.0 |  2239
          D:15 |       0 |    6684 |   0.0 |       0 |      16 |   0.0 |   984
         Orc:1 |       0 |    2718 |   0.0 |       0 |      13 |   0.0 |   481
         Orc:2 |       0 |    3496 |   0.0 |       0 |      51 |   0.0 |   391
           Lab |       0 |    1436 |   0.0 |       0 |       5 |   0.0 |   578
         Sewer |       0 |     242 |   0.0 |       0 |      48 |   0.0 |   853
               +---------+---------+-------+---------+---------+-------+---------
